 Dungeon Crawl Stone Soup version 0.24-a0-583-g87330a484a (webtiles) character file.

Game seed: 4598977428895849361, levelgen mode: deterministic

76 MisterOstroum the Cutter (level 4, -2/33 HPs)
             Began as a Halfling Fighter on Aug 28, 2019.
             Killed by divine providence
             ... invoked by an orc priest
              (11 damage)
             ... on level 2 of the Dungeon.
             The game lasted 00:02:22 (1578 turns).

MisterOstroum the Cutter (Halfling Fighter)         Turns: 1578, Time: 00:02:23

Health: -2/33      AC:  9    Str: 18    XL:     4   Next: 57%
Magic:  4/4        EV: 11    Int:  6    God:
Gold:   44         SH:  0    Dex: 13    Spells: 3/3 levels left

rFire    . . .     SeeInvis .   a - +0 rapier
rCold    + . .     Gourm    .   (shield restricted)
rNeg     . . .     Faith    .   b - +0 scale mail
rPois    .         Spirit   .   (no helmet)
rElec    .         Reflect  .   (no cloak)
rCorr    .         Harm     .   (no gloves)
MR       .....                  j - +1 pair of boots
Stlth    ..........             (no amulet)
HPRegen  0.11/turn              m - ring of protection from cold
MPRegen  0.09/turn              (no ring)

@: slowed, very slow
A: small, mutation resistance 1
a: no special abilities


You were on level 2 of the Dungeon.
You were not hungry.

You visited 1 branch of the dungeon, and saw 2 of its levels.

You collected 44 gold pieces.

Inventory:

Hand Weapons
 a - a +0 rapier (weapon)
Missiles
 f - 39 stones (quivered)
Armour
 b - a +0 scale mail (worn)
 c - a +0 shield
 j - a +1 pair of boots (worn)
Jewellery
 m - a ring of protection from cold (left hand)
Scrolls
 h - a scroll of blinking {unknown}
 i - a scroll of identify {unknown}
 k - a scroll of remove curse {unknown}
 n - a scroll of magic mapping {unknown}
 p - a scroll of amnesia {unknown}
Potions
 d - a potion of might {@q3 !q}
 g - 2 potions of heal wounds {unknown}
 l - a potion of agility {unknown}
Comestibles
 e - a ration
 o - a chunk of flesh


   Skills:
 + Level 3.7 Fighting
 + Level 4.1 Short Blades
 - Level 3.2 Armour
 - Level 3.3 Shields


You had 3 spell levels left.
You didn't know any spells.
Your spell library was empty.

Dungeon Overview and Level Annotations

Branches:
Dungeon (2/15)

Altars:
The Shining One


Innate Abilities, Weirdness & Mutations

You are small and have problems with some larger weapons.
You are somewhat resistant to further mutation.


Message History

Found a stone staircase leading up.
Some of the chunks of flesh in your inventory have rotted away.
p - a scroll labeled YBIKHLAXYNIC You open the door.
There is an open door here.
An orc and an orc priest come into view.
The orc priest shouts!
The orc shouts!
An orc wizard comes into view. It is wielding a +0 dagger.
Found a stone staircase leading down.
There are monsters nearby!
Throwing (i - inventory)
f - 41 stones (quivered)
Press: ? - help, Shift-Dir - straight line, f - orc wizard
Aim: an orc wizard, wielding a +0 dagger and wearing a +0 robe (hasn't noticed you)
You throw a stone. The stone barely misses the orc wizard.
The orc wizard shouts!
There are monsters nearby!
There are monsters nearby!
Throwing (i - inventory)
f - 40 stones (quivered)
Press: ? - help, Shift-Dir - straight line, f - orc priest
Aim: an orc priest, wielding a +0 club You throw a stone.
The stone hits the orc priest but does no damage.
You hit the orc wizard.
The orc wizard is lightly wounded.
You hit the orc wizard but do no damage.
The orc wizard is lightly wounded.
An orc comes into view.
The orc wizard gestures at you while chanting.
The magic dart hits you.
The orc shouts!
You barely miss the orc wizard.
The orc wizard is lightly wounded.
You hear an angry hiss.
The orc hits you. The orc wizard barely misses you.
You hit the orc wizard.
The orc wizard is heavily wounded.
The orc hits you but does no damage.
The orc wizard hits you but does no damage.
A frilled lizard comes into view.
You hit the orc.
The orc is almost dead.
The orc hits you.
You closely miss the orc.
The orc is almost dead.
The orc closely misses you.
You hit the orc.
You kill the orc!
You have reached level 4!
You closely miss the orc wizard.
The orc wizard is heavily wounded.
The orc wizard hits you with a +0 dagger.
You hit the orc wizard but do no damage.
The orc wizard is heavily wounded.
The orc wizard hits you with a +0 dagger.
You closely miss the orc wizard.
The orc wizard is moderately wounded.
The orc wizard hits you but does no damage.
You closely miss the orc wizard.
The orc wizard is moderately wounded.
The orc priest miscasts a cantrip.
The orc wizard closely misses you.
You closely miss the orc wizard.
The orc wizard is moderately wounded.
The orc wizard closely misses you.
You closely miss the orc wizard.
The orc wizard is moderately wounded.
The orc wizard hits you but does no damage.
You hit the orc wizard.
The orc wizard is heavily wounded.
The orc wizard gestures at you while chanting.
You feel yourself slow down.
You closely miss the orc wizard.
The orc wizard is heavily wounded.
The orc wizard hits you but does no damage.
The orc wizard hits you with a +0 dagger.
You hit the orc wizard.
The orc wizard is almost dead.
The orc wizard hits you but does no damage.
You completely miss the orc wizard.
The orc wizard is almost dead.
The orc wizard mumbles some strange words.
The orc wizard seems to speed up.
The orc wizard misses you.
You hit the orc wizard.
You kill the orc wizard!
Your Short Blades skill increases to level 4!
The orc priest mumbles some strange prayers to Beogh against you.
You barely resist. You barely miss the orc priest.
The orc priest invokes the aid of Beogh against you.
Beogh smites you!
* * * LOW HITPOINT WARNING * * *
You hit the orc priest.
The orc priest is lightly wounded.
The orc priest hits you with a +0 club.
* * * LOW HITPOINT WARNING * * *
You hit the orc priest but do no damage.
The orc priest is lightly wounded.
The orc priest invokes the aid of Beogh against you.
Beogh smites you!
You die...

......##................##.......
........####'####.......#####....
.......##.......##<..............
.......#.♣#####♣.#...............
#.....## .. #.#...#...........
#..<..## # ♣. #.#...#......####.
#......# #.(> #.#...#......##...
###....# #.♣. #.#...#......##...
#.....# #.. #@#...............
#.....#.♣##.##♣o#...............
#.....##..lo..o##......#........
#......#########.....###...##...
#......# #..........# #...##...
#......# #..........# #...##...
#......# #..........# #...##...
#......# ############ #...##...
######## #...#####


You could see an orc priest and an orc.

Vanquished Creatures
  An orc wizard (D:2)
  2 worms (D:2)
  A dart slug (D:1)
  3 leopard geckos
  An orc (D:2)
  A ball python (D:1)
  A giant cockroach (D:1)
  7 goblins
  2 hobgoblins (D:1)
  A kobold (D:1)
  A quokka (D:2)
  7 bats
  3 frilled lizards
  2 rats
33 creatures vanquished.

Notes
Turn   | Place    | Note
-------+----------+-------------------------------------------
     0 | D:1      | MisterOstroum the Halfling Fighter began the quest for the
                  | Orb.
     0 | D:1      | Reached XP level 1. HP: 15/15 MP: 1/1
   267 | D:1      | Reached XP level 2. HP: 15/20 MP: 2/2
   398 | D:1      | Reached skill level 3 in Short Blades
   687 | D:1      | Found a glowing golden altar of the Shining One.
   747 | D:1      | Reached XP level 3. HP: 26/26 MP: 3/3
  1564 | D:2      | Reached XP level 4. HP: 24/31 MP: 4/4
  1575 | D:2      | Reached skill level 4 in Short Blades
  1578 | D:2      | Killed from afar by an orc priest

Levels and vault maps discovered:
D:1:      dpeg_arrival_signposts, layout_basic, tso_altar
D:2:      layout_basic, grunt_ministairs_11, nicolae_qazlal_eye_of_the_storm

Skill      XL: |  1  2  3  4 |
---------------+-------------+-----
Fighting       | 3 |  3.7
Short Blades   | 3 4 |  4.1
Armour         | |  3.2
Shields        | |  3.3

Action                   |  1- 3 |  4- 6 || total
-------------------------+-------+-------++-------
Melee: Rapier            |   105 |    14 ||   119
Throw: Stone             |    77 |       ||    77
  Eat: Chunk             |     2 |       ||     2
Armor: Scale mail        |    34 |     2 ||    36
Dodge: Dodged            |    62 |     3 ||    65
Block: Shield            |     3 |       ||     3

Table legend:
 A = Non-vault XP
 B = Vault XP
 C = Vault XP percentage of total XP
 D = Non-vault monster count
 E = Vault monster count
 F = Vault count percentage of total count
                 A         B        C        D         E       F
            +---------+---------+-------+---------+---------+-------
      Total |      66 |      43 |  39.4 |      31 |       2 |   6.1
            +---------+---------+-------+---------+---------+-------
        D:1 |      38 |       0 |   0.0 |      20 |       0 |   0.0
        D:2 |      28 |      43 |  60.6 |      11 |       2 |  15.4
            +---------+---------+-------+---------+---------+-------
